AoeStats
← shi China

Pilgrims

507267815Analyzed
4v4 RM · 16d ago on Sep 17, 2026· 72m 28s· 8 players
Game mode
Random Map
Map size
Large (8 player)
Population
200
Speed
Normal
Resources
Standard
Victory
Conquest
Starting age
Dark Age
Ending age
Imperial Age
RankedLock teamsTeams togetherTeam positionsShared explorationLock speedFull tech treeHidden civsTurbo modeCheats
Victory
Defeat
🇨🇳 Armenians · China
967
+16
🇨🇳 Bohemians · China
966
+16
🇨🇳 Khmer · China
965
+16
🇧🇪 Burgundians · Belgium
945
+17
🇹🇼 Poles · Taiwan
989
-18
🇨🇳 Wei · China
966
-16
🇹🇼 Chinese · Taiwan
957
-16
🇫🇷 Khmer · France
930
-15
jeffhou47
14:55 Feudal Age
19:57 Double-Bit Axe
19:47 Man-at-Arms
25:32 Castle Age
25:07 Padded Archer Armor
24:57 Fletching
26:06 Scale Mail Armor
26:01 Fishing Lines
26:34 Medium Warships
25:45 Demolition Ship
27:05 Bodkin Arrow
27:09 Gold Mining
26:59 Long Swordsman
28:15 Gillnets
30:24 Crossbowman
35:34 Fortified Wall
35:22 Murder Holes
35:48 Ballistics
40:32 Imperial Age
40:54 Heavy Rocket Cart
42:12 Wheelbarrow
41:43 Pikeman
43:21 Halberdier
43:37 Arbalester
44:36 Leather Archer Armor
52:56 Chemistry
60:35 Stone Mining
61:21 Gold Shaft Mining
65:04 Bow Saw
64:19 Elite Skirmisher
交保候傳
8:56 Loom
13:34 Feudal Age
18:27 Castle Age
17:47 Bloodlines
17:46 Scale Barding Armor
17:52 Forging
19:51 Husbandry
19:11 Light Cavalry
21:01 Horse Collar
22:02 Double-Bit Axe
23:25 Wheelbarrow
22:46 Fishing Lines
24:37 Heavy Plow
25:59 Hand Cart
27:56 Bow Saw
27:49 Gillnets
28:18 Pikeman
28:58 Squires
29:21 Gold Mining
30:26 Chain Barding Armor
30:08 Scale Mail Armor
31:48 Iron Casting
31:02 Town Watch
32:57 Szlachta Privileges
34:12 Town Patrol
34:56 Stone Mining
38:26 Imperial Age
37:01 Chain Mail Armor
40:38 Stone Shaft Mining
40:32 Conscription
41:02 Crop Rotation
39:56 Cavalier
40:49 Treadmill Crane
44:13 Blast Furnace
43:43 Plate Mail Armor
45:52 Winged Hussar
WyZeR
4:09 Loom
14:24 Feudal Age
15:59 Man-at-Arms
16:57 Forging
16:48 Scale Mail Armor
23:30 Castle Age
21:39 Double-Bit Axe
21:39 Horse Collar
21:56 Gold Mining
23:12 Stone Mining
27:01 Imperial Age
25:00 Heavy Plow
26:08 Pikeman
26:46 Fletching
shi China
7:55 Loom
13:42 Feudal Age
15:25 Double-Bit Axe
16:20 Gold Mining
16:19 Town Watch
17:14 Wheelbarrow
16:44 Horse Collar
23:11 Castle Age
21:15 Padded Archer Armor
25:16 Gold Shaft Mining
24:30 Fishing Lines
24:55 Heavy Plow
25:08 Bow Saw
24:57 Fletching
28:16 Town Watch
28:47 Hand Cart
29:16 Bodkin Arrow
29:37 Leather Archer Armor
31:48 Thumb Ring
33:54 Scale Barding Armor
34:00 Forging
42:27 Imperial Age
40:05 Stone Mining
41:41 Chain Barding Armor
41:57 Iron Casting
41:23 Scale Mail Armor
42:24 Pikeman
45:20 Town Patrol
44:49 Halberdier
47:29 Blast Furnace
46:31 Heavy Hei Guang Cavalry
46:52 Heavy Hei Guang Cavalry
47:33 Husbandry
47:44 Bloodlines
47:58 Onager
54:14 Squires
54:31 Chain Mail Armor
MafiaTurkish58
11:06 Double-Bit Axe
16:13 Feudal Age
16:20 Feudal Age
16:25 Gold Mining
21:51 Castle Age
21:05 Bow Saw
22:00 Gold Shaft Mining
33:15 Stone Mining
35:22 Horse Collar
42:24 Imperial Age
40:22 Elite Skirmisher
42:41 Two-Man Saw
41:52 Heavy Plow
42:32 Scale Barding Armor
42:38 Forging
42:20 Fletching
44:08 Chain Barding Armor
46:25 Chemistry
46:37 Padded Archer Armor
46:33 Bodkin Arrow
47:32 Elite Coustillier
48:46 Leather Archer Armor
49:36 Burgundian Vineyards
51:44 Plate Barding Armor
54:02 Pikeman
68:06 Crop Rotation
闲挂月
3:38 Loom
12:45 Feudal Age
13:16 Double-Bit Axe
13:12 Horse Collar
14:03 Man-at-Arms
14:59 Long Swordsman
22:46 Castle Age
21:07 Arson
22:02 Gold Mining
22:52 Two-Handed Swordsman
24:28 Heavy Plow
26:45 Wheelbarrow
27:50 Gambesons
28:51 Squires
33:55 Hand Cart
46:59 Imperial Age
44:37 Champion
45:20 Scale Mail Armor
45:30 Forging
53:09 Pikeman
56:23 Halberdier
60:10 Capped Ram
65:47 Siege Ram
68:23 Iron Casting
68:28 Medium Warships
秋绥冬禧
13:54 Feudal Age
15:54 Double-Bit Axe
16:00 Horse Collar
21:40 Castle Age
22:25 Town Watch
23:03 Bow Saw
23:02 Heavy Plow
23:10 Husbandry
23:55 Fervor
24:06 Sanctity
33:39 Imperial Age
35:54 Two-Man Saw
35:26 Conscription
38:45 Wagenburg Tactics
45:05 Elite Hussite Wagon
48:43 Chemistry
48:26 Siege Engineers
泰达津布曲
12:31 Feudal Age
16:40 Castle Age
14:45 Double-Bit Axe
14:59 Horse Collar
15:48 Stone Mining
16:55 Bloodlines
18:30 Scale Barding Armor
20:20 Bow Saw
22:24 Stone Shaft Mining
21:44 Gold Mining
22:02 Heavy Plow
28:43 Imperial Age
26:40 Forging
26:51 Chain Barding Armor
27:47 Gold Shaft Mining
29:08 Husbandry
29:46 Iron Casting
30:25 Chemistry
32:00 Ballistics
33:27 Blast Furnace
34:45 Double Crossbow
36:46 Elite Ballista Elephant
38:04 Plate Barding Armor
40:03 Masonry
41:37 Crop Rotation
Connection lost

Rejoining the realm…

Still unreachable

The connection could not be restored.

Session expired

The server has moved on; the page needs a fresh start.